Map: Simulacrum LE

Players

iSpiGaO - Winner!

  • Race: Protoss Protoss
  • Spawn Location: 5:00

Ratl

  • Race: Protoss Protoss
  • League: Silver
  • Spawn Location: 11:00

VOD

Have the link to the VOD?

Description

Time

  • Played on: Jan. 11, 2020, 8:58 p.m.
  • Length: 12:56
Show
View Real Time Build Order
Export as new Build Order

iSpiGaO Protoss - Winner!

Build Orders: Nexus First 

Get SALT Encoding   

  12  0:24  Probe (Chrono Boost)  
  12  0:28  Pylon  
  13  0:35  Probe (Chrono Boost)  
  14  0:40  Probe (Chrono Boost)  
  15  0:50  Probe  
  16  1:02  Probe  
  17  1:05  Nexus  
  17  1:14  Probe  
  18  1:20  Gateway  
  18  1:25  Assimilator  
  18  1:27  Probe  
  19  1:39  Probe  
  20  1:48  Pylon, Assimilator  
  20  1:51  Probe  
  21  2:03  Probe (Chrono Boost)  
  21  2:08  Cybernetics Core  
  23  2:16  Probe (Chrono Boost)  
  23  2:19  Probe (Chrono Boost)  
  25  2:24  Probe (Chrono Boost)  
  25  2:27  Probe (Chrono Boost)  
  26  2:34  Probe x2  
  26  2:35  Gateway  
  28  2:49  Pylon  
  28  2:50  Probe, Adept (Chrono Boost)  
  29  2:53  Warp Gate  
  31  3:02  Gateway  
  31  3:05  Probe  
  32  3:08  Probe  
  33  3:15  Adept (Chrono Boost)  
  33  3:17  Probe  
  36  3:20  Probe  
  36  3:23  Adept (Chrono Boost)  
  38  3:29  Probe  
  38  3:32  Probe  
  40  3:36  Pylon  
  40  3:42  Stalker  
  42  3:56  Probe x2  
  44  4:08  Probe x2  
  46  4:10  Twilight Council  
  46  4:11  Nexus  
  46  4:16  Pylon  
  46  4:20  Probe (Chrono Boost)  
  46  4:21  Probe (Chrono Boost)  
  48  4:27  Forge  
  48  4:28  Assimilator  
  48  4:30  Assimilator  
  48  4:38  Probe (Chrono Boost)  
  49  4:39  Robotics Facility  
  49  4:40  Probe (Chrono Boost)  
  50  4:52  Blink (Chrono Boost)  
  48  4:53  Probe  
  48  4:54  Probe  
  48  4:59  Zealot x3  
  52  5:13  Probe x2  
  54  5:23  Gateway  
  54  5:24  Gateway, Protoss Ground Armor Level 1 (Chrono Boost)  
  54  5:26  Gateway  
  54  5:27  Probe x2  
  56  5:30  Photon Cannon  
  56  5:34  Observer  
  57  5:36  Photon Cannon  
  57  5:40  Stalker x2  
  61  5:44  Probe x2  
  61  5:45  Probe  
  64  5:52  Stalker  
  64  5:57  Probe x2  
  68  6:00  Immortal  
  68  6:02  Probe  
  73  6:08  Pylon  
  73  6:10  Probe x2  
  75  6:12  Stalker  
  75  6:18  Stalker  
  79  6:19  Probe  
  79  6:22  Probe  
  79  6:25  Pylon  
  81  6:26  Pylon  
  81  6:31  Shield Battery  
  81  6:32  Pylon  
  81  6:34  Stalker  
  83  6:41  Observer  
  83  6:42  Stalker x3  
  83  6:43  Charge (Chrono Boost)  
  83  6:46  Probe  
  91  6:47  Probe  
  91  6:49  Probe  
  93  6:55  Assimilator  
  93  6:57  Assimilator  
  93  6:58  Probe  
  93  6:59  Probe  
  95  7:40  Gateway  
  95  7:41  Gateway  
  95  7:44  Gateway  
  95  7:47  Pylon, Zealot x4  
  95  7:48  Pylon, Zealot  
  95  7:50  Shield Battery  
  103  7:53  Shield Battery  
  103  7:55  Photon Cannon  
  103  7:57  Protoss Ground Weapons Level 1 (Chrono Boost), Zealot  
  105  8:04  Forge  
  105  8:08  Pylon  
  105  8:09  Pylon  
  105  8:11  Pylon  
  105  8:15  Pylon  
  105  8:16  Immortal  
  105  8:18  Pylon  
  105  8:19  Stalker  
  111  8:20  Gateway, Stalker x4  
  111  8:21  Gateway  
  111  8:25  Probe x3  
  122  8:39  Resonating Glaives  
  122  8:42  Robotics Bay  
  122  8:45  Stalker x4  
  122  8:46  Stalker  
  132  8:59  Photon Cannon  
  132  9:00  Nexus  
  132  9:02  Probe x3  
  135  9:05  Protoss Ground Armor Level 2 (Chrono Boost)  
  135  9:20  Dark Shrine  
  135  9:36  Immortal  
  139  9:41  Robotics Facility  
  139  9:42  Robotics Facility  
  139  9:52  Protoss Shields Level 1 (Chrono Boost)  
  139  9:59  Gravitic Drive (Chrono Boost)  
  139  10:16  Immortal  
  139  10:19  Assimilator  
  139  10:20  Pylon, Assimilator  
  143  10:21  Pylon  
  143  10:22  Pylon  
  143  10:35  Warp Prism  
  143  10:38  Immortal  
  149  10:48  Photon Cannon  
  149  10:49  Photon Cannon, Gravitic Boosters  
  149  10:50  Photon Cannon  
  149  10:54  Pylon  
  149  10:55  Probe x3, Immortal  
  149  10:56  Gateway  
  156  10:57  Photon Cannon  
  156  10:58  Photon Cannon  
  156  11:00  Photon Cannon  
  156  11:02  Shield Battery  
  156  11:03  Shield Battery  
  156  11:14  Immortal  
  156  11:17  Immortal  
  164  11:40  Immortal  
  168  11:54  Immortal  
  172  11:57  Immortal  
  163  12:42  Zealot x3  
  163  12:43  Zealot x5  
  163  12:44  Zealot  
Show
View Real Time Build Order
Export as new Build Order

Ratl Protoss 

Build Orders: Double Forge 

Get SALT Encoding   

  12  0:02  Probe  
  13  0:14  Probe  
  14  0:21  Pylon  
  14  0:26  Probe  
  15  0:30  Assimilator  
  15  0:39  Probe  
  16  0:45  Gateway  
  16  0:52  Probe (Chrono Boost)  
  17  1:04  Probe (Chrono Boost)  
  18  1:12  Probe (Chrono Boost)  
  18  1:17  Assimilator  
  18  1:18  Probe  
  19  1:23  Gateway  
  20  1:30  Probe  
  21  1:42  Probe  
  21  1:44  Cybernetics Core  
  22  1:48  Pylon  
  22  1:54  Probe  
  23  2:06  Probe  
  24  2:17  Pylon  
  24  2:19  Probe  
  25  2:30  Warp Gate (Chrono Boost), Stalker x2  
  25  2:31  Probe  
  30  2:43  Probe  
  31  2:55  Probe  
  32  3:03  Nexus  
  32  3:07  Probe  
  32  3:10  Stalker  
  35  3:16  Stalker  
  37  3:20  Probe  
  38  3:32  Probe  
  39  3:34  Robotics Facility  
  39  4:15  Probe  
  40  4:17  Pylon  
  40  4:20  Pylon  
  40  4:27  Probe x2  
  40  4:28  Pylon  
  42  4:32  Gateway  
  42  4:33  Gateway  
  42  4:39  Probe  
  42  4:40  Probe, Forge  
  42  4:41  Forge  
  44  4:52  Probe (Chrono Boost)  
  45  4:56  Assimilator  
  45  4:58  Assimilator  
  41  5:00  Probe (Chrono Boost)  
  42  5:11  Probe (Chrono Boost), Protoss Ground Weapons Level 1 (Chrono Boost), Protoss Ground Armor Level 1 (Chrono Boost)  
  43  5:16  Probe (Chrono Boost)  
  44  5:23  Stalker x2  
  44  5:27  Probe  
  49  5:33  Observer  
  50  5:40  Probe x2  
  52  5:46  Stalker x2  
  56  5:50  Sentry x2  
  56  5:52  Probe x2  
  56  5:54  Observer  
  63  6:01  Pylon  
  63  6:04  Probe x2  
  65  6:09  Pylon  
  65  6:12  Pylon  
  65  6:14  Stalker  
  65  6:16  Probe x2, Zealot  
  71  6:19  Zealot  
  71  6:22  Zealot  
  75  6:27  Observer  
  75  6:41  Twilight Council  
  75  6:48  Pylon  
  75  6:53  Stalker x4  
  83  6:59  Immortal  
  86  7:22  Nexus  
  86  7:26  Probe x2  
  86  7:29  Protoss Ground Armor Level 2 (Chrono Boost)  
  88  7:32  Protoss Ground Weapons Level 2 (Chrono Boost)  
  88  7:39  Observer  
  89  7:56  Observer  
  89  8:03  Probe x2  
  92  8:11  Immortal  
  90  8:15  Probe x2  
  96  8:24  Stalker x2  
  96  8:25  Stalker x2  
  104  8:27  Probe  
  105  8:35  Probe x2  
  105  8:39  Probe  
  108  8:47  Probe x2  
  110  8:50  Immortal  
  110  8:51  Probe  
  115  8:56  Zealot x3  
  115  8:57  Zealot  
  123  9:16  Gateway  
  123  9:19  Gateway  
  123  9:23  Gateway  
  123  9:24  Gateway  
  117  9:30  Immortal  
  108  9:36  Probe x3  
  111  9:48  Probe x3  
  111  9:50  Blink  
  114  9:58  Warp Prism  
  114  10:11  Probe x3  
  119  10:18  Pylon  
  119  10:21  Pylon  
  119  10:23  Probe x2, Pylon  
  119  10:25  Pylon  
  121  10:29  Assimilator  
  121  10:32  Assimilator  
  121  11:12  Probe  
  121  11:14  Probe  
  87  11:44  Zealot x4  
  87  11:45  Zealot x4  
  89  12:23  Zealot  
  89  12:24  Zealot x7  
Tags
 
Add a new tag
Caveats
  • Supply blocks, unpowered buildings, or Contaminate may cause inaccurate times.
  • Supply counts are checked every 10 seconds.